TOP OF THE 1ST |
---|
Georgia Tech Yellow Jackets batting - Pitching for Wake Forest Demon Deacons : RHP Matt Trace | Pitching: RHP Matt Trace | | Batting: RHB Andy Klick | 0-0: Ball 1-0: Foul Ball, location: 2F 1-1: Ball 2-1: Swinging Strike 2-2: Ball 3-2: SINGLE (Flyball, 9LS) | Batting: LHB Andres Rodriguez | 0-0: Ball 1-0: Ball 2-0: Ball 3-0: Base on Balls Andy Klick to second | Batting: RHB Rich Busby | 0-0: Swinging Strike 0-1: Foul Ball, location: 2F 0-2: Fly out, F8 (Flyball, 8RD) | Batting: RHB Joe Deckard | 0-0: Ball Andy Klick is caught stealing 3rd base 1-0: Ball 2-0: Ball 3-0: Called Strike 3-1: Base on Balls Andres Rodriguez to second | Batting: RHB Jacob Leach | 0-0: Ball 1-0: Ball 2-0: Ball 3-0: Base on Balls Andres Rodriguez to third Joe Deckard to second | Batting: RHB Bryce Bowen | 0-0: Called Strike 0-1: Ball 1-1: SINGLE (Flyball, 78M) Andres Rodriguez scores Joe Deckard to third Jacob Leach to second Runner from 3rd tries for Home, SAFE, no throw | Batting: RHB Steve Blevins | 0-0: Ball 1-0: Reached on error, E7 (Flyball, 78M) Jacob Leach scores Bryce Bowen to third | Batting: RHB Mike Anderson | 0-0: Ball 1-0: Foul Ball, location: 2F 1-1: Called Strike 1-2: Ball 2-2: Ground out 6-3 (Groundball, 6MD) | Top of the 1st over - 3 runs, 2 hits, 1 error, 2 left on base; Georgia Tech 3 - Wake Forest 0 | BOTTOM OF THE 1ST |
---|
Wake Forest Demon Deacons batting - Pitching for Georgia Tech Yellow Jackets : RHP Jim Lester | Pitching: RHP Jim Lester | | Batting: SHB Dustin Overstreet | 0-0: SINGLE (Line Drive, 4MD) | Batting: LHB Mark Schumann | 0-0: Swinging Strike 0-1: 2-RUN HOME RUN (Flyball, 8LD), Distance : 445 ft | Batting: RHB Mike Stewart | 0-0: Ball 1-0: Swinging Strike 1-1: Fly out, F4 (Line Drive, 4) | Batting: LHB Danny Chagoya | 0-0: Fly out, F7 (Flyball, 7LS) | Batting: RHB Leo Reynaga | 0-0: Ball 1-0: Ball 2-0: Foul Ball, location: 2F 2-1: Ball 3-1: Base on Balls | Batting: RHB Jesse Stone | 0-0: Fielders Choice at 2nd, 5-4 (Groundball, 5) | Bottom of the 1st over - 2 runs, 2 hits, 0 errors, 1 left on base; Georgia Tech 3 - Wake Forest 2 | TOP OF THE 2ND |
---|
Georgia Tech Yellow Jackets batting - Pitching for Wake Forest Demon Deacons : RHP Matt Trace | Batting: RHB Alfredo Caballero | 0-0: Ball 1-0: Swinging Strike 1-1: Ball 2-1: Foul Ball, location: 2F 2-2: Strikes out swinging | Batting: RHB Andy Klick | 0-0: Called Strike 0-1: Foul Ball, location: 2F 0-2: SINGLE (Line Drive, 56D) | Batting: LHB Andres Rodriguez | 0-0: Ball Andy Klick steals 2nd base 1-0: Ball 2-0: Foul Ball, location: 2F 2-1: Fly out, F9 (Flyball, 9LSF) | Batting: RHB Rich Busby | 0-0: Ball 1-0: Ball 2-0: Called Strike 2-1: Ball 3-1: Foul Ball, location: 2F 3-2: SINGLE (Line Drive, 89M) Andy Klick to third Andy Klick scores | Batting: RHB Joe Deckard | 0-0: Ball 1-0: Ball 2-0: Called Strike 2-1: Foul Ball, location: 2F 2-2: Foul Ball, location: 2F 2-2: Ground out 3-1 (Groundball, 34) | Top of the 2nd over - 1 run, 2 hits, 0 errors, 1 left on base; Georgia Tech 4 - Wake Forest 2 | BOTTOM OF THE 2ND |
---|
Wake Forest Demon Deacons batting - Pitching for Georgia Tech Yellow Jackets : RHP Jim Lester | Batting: RHB Caleb Doubleday | 0-0: Called Strike 0-1: Foul Ball, location: 2F 0-2: Strikes out looking | Batting: RHB Chris Walker | 0-0: Foul Ball, location: 2F 0-1: Foul Ball, location: 2F 0-2: Foul Ball, location: 2F 0-2: Ball 1-2: Fly out, F9 (Flyball, 9S) | Batting: RHB Karl Kelly | 0-0: Ground out 5-3 (Groundball, 56S) | Bottom of the 2nd over - 0 runs, 0 hits, 0 errors, 0 left on base; Georgia Tech 4 - Wake Forest 2 | TOP OF THE 3RD |
---|
Georgia Tech Yellow Jackets batting - Pitching for Wake Forest Demon Deacons : RHP Matt Trace | Batting: RHB Jacob Leach | 0-0: Ball 1-0: Ball 2-0: Ball 3-0: Base on Balls | Batting: RHB Bryce Bowen | 0-0: Ball 1-0: Foul Ball, location: 2F 1-1: Ball 2-1: Swinging Strike 2-2: Strikes out looking | Batting: RHB Steve Blevins | 0-0: Foul Ball, location: 2F 0-1: Foul Ball, location: 2F 0-2: Strikes out looking | Batting: RHB Mike Anderson | 0-0: Foul Ball, location: 2F 0-1: Ball 1-1: Foul Ball, location: 2F 1-2: Ball 2-2: Strikes out swinging | Top of the 3rd over - 0 runs, 0 hits, 0 errors, 1 left on base; Georgia Tech 4 - Wake Forest 2 | BOTTOM OF THE 3RD |
---|
Wake Forest Demon Deacons batting - Pitching for Georgia Tech Yellow Jackets : RHP Jim Lester | Batting: SHB Dustin Overstreet | 0-0: Foul Ball, location: 2F 0-1: Foul Ball, location: 2F 0-2: Ball 1-2: Foul Ball, location: 2F 1-2: Foul Ball, location: 2F 1-2: Ball 2-2: Ball 3-2: Foul Ball, location: 2F 3-2: DOUBLE (Line Drive, 9LM) | Batting: LHB Mark Schumann | 0-0: Foul Ball, location: 2F 0-1: Foul Ball, location: 2F 0-2: Foul Ball, location: 2F 0-2: Fly out, F6 (Line Drive, 56D) | Batting: RHB Mike Stewart | 0-0: 2-RUN HOME RUN (Flyball, 7LD), Distance : 372 ft | Batting: LHB Danny Chagoya | 0-0: Ball 1-0: SINGLE (Flyball, 78S) | Batting: RHB Leo Reynaga | 0-0: Called Strike 0-1: SINGLE (Groundball, 6D) Danny Chagoya to second | Batting: RHB Jesse Stone | 0-0: Hit by Pitch Danny Chagoya to third Leo Reynaga to second | Batting: RHB Caleb Doubleday | 0-0: Called Strike 0-1: Foul Ball, location: 2F 0-2: Ball 1-2: Strikes out swinging | Batting: RHB Chris Walker | 0-0: Swinging Strike 0-1: Swinging Strike 0-2: Strikes out swinging | Bottom of the 3rd over - 2 runs, 4 hits, 0 errors, 3 left on base; Georgia Tech 4 - Wake Forest 4 | TOP OF THE 4TH |
---|
Georgia Tech Yellow Jackets batting - Pitching for Wake Forest Demon Deacons : RHP Matt Trace | Batting: RHB Alfredo Caballero | 0-0: Swinging Strike 0-1: Fly out, F9 (Flyball, 9) | Batting: RHB Andy Klick | 0-0: Foul Ball, location: 2F 0-1: Ball 1-1: Ball 2-1: Swinging Strike 2-2: Strikes out swinging | Batting: LHB Andres Rodriguez | 0-0: Called Strike 0-1: Swinging Strike 0-2: Ball 1-2: Ball 2-2: DOUBLE (Groundball, 5L) | Batting: RHB Rich Busby | 0-0: Ball 1-0: Foul Ball, location: 2F 1-1: Ball 2-1: Fly out, F8 (Flyball, 8LS) | Top of the 4th over - 0 runs, 1 hit, 0 errors, 1 left on base; Georgia Tech 4 - Wake Forest 4 | BOTTOM OF THE 4TH |
---|
Wake Forest Demon Deacons batting - Pitching for Georgia Tech Yellow Jackets : RHP Jim Lester | Batting: RHB Karl Kelly | 0-0: Called Strike 0-1: Fly out, F4 (Line Drive, 4) | Batting: SHB Dustin Overstreet | 0-0: Ball 1-0: Ball 2-0: Called Strike 2-1: Ball 3-1: Swinging Strike 3-2: SINGLE (Line Drive, 56) | Batting: LHB Mark Schumann | 0-0: Foul Ball, location: 2F 0-1: SINGLE (Groundball, 4MD) Dustin Overstreet to second | Batting: RHB Mike Stewart | 0-0: Called Strike 0-1: Called Strike 0-2: Ball 1-2: Foul Ball, location: 2F 1-2: Ball 2-2: Ball 3-2: Base on Balls Dustin Overstreet to third Mark Schumann to second | Batting: LHB Danny Chagoya | 0-0: Ball 1-0: Called Strike 1-1: Swinging Strike 1-2: Fly out, F8 (Flyball, 8LS) Runner from 3rd tags up, SCORES, no throw | Batting: RHB Leo Reynaga | 0-0: Called Strike 0-1: SINGLE (Line Drive, 89S) Mark Schumann to third Mike Stewart to second Runner from 3rd tries for Home, SAFE, throw made home | Batting: RHB Jesse Stone | 0-0: Called Strike 0-1: Called Strike 0-2: Foul Ball, location: 2F 0-2: Ball 1-2: Strikes out looking | Bottom of the 4th over - 2 runs, 3 hits, 0 errors, 2 left on base; Georgia Tech 4 - Wake Forest 6 | TOP OF THE 5TH |
---|
Georgia Tech Yellow Jackets batting - Pitching for Wake Forest Demon Deacons : RHP Matt Trace | Batting: RHB Joe Deckard | 0-0: Ball 1-0: Foul Ball, location: 2F 1-1: Ground out U3 (Groundball, 34S) | Batting: RHB Jacob Leach | 0-0: SINGLE (Line Drive, 7S) | Batting: RHB Bryce Bowen | 0-0: SINGLE (Groundball, 6D) Jacob Leach to second | Batting: RHB Steve Blevins | 0-0: Ball 1-0: Ball 2-0: Called Strike 2-1: Ball 3-1: Base on Balls Jacob Leach to third Bryce Bowen to second | Batting: RHB Mike Anderson | 0-0: Foul Ball, location: 2F 0-1: Ball 1-1: Swinging Strike 1-2: Strikes out swinging | Batting: RHB Alfredo Caballero | 0-0: Ball 1-0: Ball 2-0: Called Strike 2-1: Called Strike 2-2: Ball 3-2: Foul Ball, location: 2F 3-2: Strikes out looking | Top of the 5th over - 0 runs, 2 hits, 0 errors, 3 left on base; Georgia Tech 4 - Wake Forest 6 | BOTTOM OF THE 5TH |
---|
Wake Forest Demon Deacons batting - Pitching for Georgia Tech Yellow Jackets : RHP Jim Lester | Batting: RHB Caleb Doubleday | 0-0: Ball 1-0: Fly out, F2 (Popup, 13S) | Batting: RHB Chris Walker | 0-0: Called Strike 0-1: Foul Ball, location: 2F 0-2: Strikes out swinging | Batting: RHB Karl Kelly | 0-0: Ball 1-0: Ground out 6-3 (Groundball, 6) | Bottom of the 5th over - 0 runs, 0 hits, 0 errors, 0 left on base; Georgia Tech 4 - Wake Forest 6 | TOP OF THE 6TH |
---|
Georgia Tech Yellow Jackets batting - Pitching for Wake Forest Demon Deacons : RHP Matt Trace | Batting: RHB Andy Klick | 0-0: Called Strike 0-1: Called Strike 0-2: Foul Ball, location: 2F 0-2: Ball 1-2: Ball 2-2: Ball 3-2: Foul Ball, location: 2F 3-2: Ground out U3 (Groundball, 34) | Batting: LHB Andres Rodriguez | 0-0: Ball 1-0: Ball 2-0: Foul Ball, location: 2F 2-1: Foul Ball, location: 2F 2-2: Ball 3-2: Base on Balls | Pitching: RHP Chris Schwanz | | Batting: RHB Rich Busby | 0-0: Called Strike 0-1: Grounds into double play, 5-4-3 (Groundball, 56) | Top of the 6th over - 0 runs, 0 hits, 0 errors, 0 left on base; Georgia Tech 4 - Wake Forest 6 | BOTTOM OF THE 6TH |
---|
Wake Forest Demon Deacons batting - Pitching for Georgia Tech Yellow Jackets : RHP Jim Lester | Batting: SHB Dustin Overstreet | 0-0: Ground out 4-3 (Groundball, 4) | Batting: LHB Mark Schumann | 0-0: Ball 1-0: DOUBLE (Line Drive, 7LM) | Batting: RHB Mike Stewart | 0-0: Swinging Strike 0-1: Ball 1-1: Reached on error, E4 (Groundball, 4) Mark Schumann to third | Batting: LHB Danny Chagoya | 0-0: Ball 1-0: Ball 2-0: Called Strike 2-1: Swinging Strike 2-2: Ball 3-2: Strikes out looking Mike Stewart steals 2nd base Batter strikes out. | Batting: RHB Leo Reynaga | 0-0: Ground out 6-3 (Groundball, 6) | Bottom of the 6th over - 0 runs, 1 hit, 1 error, 2 left on base; Georgia Tech 4 - Wake Forest 6 | TOP OF THE 7TH |
---|
Georgia Tech Yellow Jackets batting - Pitching for Wake Forest Demon Deacons : RHP Chris Schwanz | Batting: RHB Joe Deckard | 0-0: Hit by Pitch | Batting: RHB Jacob Leach | 0-0: Ball 1-0: Ball 2-0: Ball 3-0: Base on Balls Joe Deckard to second | Pitching: LHP Jared Ziehm | | Batting: RHB Bryce Bowen | 0-0: Ball 1-0: SINGLE (Groundball, 6MD) Joe Deckard to third Jacob Leach to second Runner from 3rd tries for Home, throw and OUT! Jacob Leach to third Bryce Bowen to second | Batting: RHB Steve Blevins | 0-0: Ball 1-0: Called Strike 1-1: SINGLE (Groundball, 6MD) Jacob Leach scores Bryce Bowen to third | Batting: RHB Mike Anderson | 0-0: Swinging Strike 0-1: Ball 1-1: Ball 2-1: DOUBLE (Line Drive, 8LD) Bryce Bowen scores Steve Blevins to third | Batting: RHB Alfredo Caballero | 0-0: Foul Ball, location: 2F 0-1: Swinging Strike 0-2: Ball 1-2: Ball 2-2: SINGLE (Line Drive, 6) Steve Blevins scores Mike Anderson to third | Batting: RHB Andy Klick | 0-0: Ball 1-0: Ground out 4-3 (Groundball, 4S) Mike Anderson scores Alfredo Caballero to second | Batting: LHB Andres Rodriguez | 0-0: Ball 1-0: SINGLE (Groundball, 56D) Alfredo Caballero to third Runner from 3rd tries for Home, SAFE, no throw | Batting: RHB Rich Busby | 0-0: Called Strike 0-1: Called Strike 0-2: Foul Ball, location: 2F 0-2: Ball 1-2: Ball Wild Pitch! Andres Rodriguez to second 2-2: Ball 3-2: Foul Ball, location: 2F 3-2: Base on Balls | Pitching: RHP Mike Peer | | Batting: RHB Joe Deckard | 0-0: Ball 1-0: Ball 2-0: Called Strike 2-1: Ball 3-1: Base on Balls Andres Rodriguez to third Rich Busby to second | Batting: RHB Jacob Leach | 0-0: Ball Wild Pitch! Andres Rodriguez scores Rich Busby to third Joe Deckard to second 1-0: Fly out, F8 (Line Drive, 8LM) | Top of the 7th over - 6 runs, 5 hits, 0 errors, 2 left on base; Georgia Tech 10 - Wake Forest 6 | BOTTOM OF THE 7TH |
---|
Wake Forest Demon Deacons batting - Pitching for Georgia Tech Yellow Jackets : RHP Jim Lester | Batting: RHB Jesse Stone | 0-0: Ball 1-0: Ground out 6-3 (Groundball, 6) | Batting: RHB Caleb Doubleday | 0-0: Ball 1-0: Ball 2-0: Ball 3-0: Base on Balls | Batting: RHB Chris Walker | 0-0: Fly out, F8 (Flyball, 8LM) | Batting: RHB Karl Kelly | 0-0: Ball 1-0: Fielders Choice at 2nd, 5-4 (Groundball, 56) | Bottom of the 7th over - 0 runs, 0 hits, 0 errors, 1 left on base; Georgia Tech 10 - Wake Forest 6 | TOP OF THE 8TH |
---|
Georgia Tech Yellow Jackets batting - Pitching for Wake Forest Demon Deacons : RHP Mike Peer | Batting: RHB Bryce Bowen | 0-0: Called Strike 0-1: SINGLE (Flyball, 78M) | Batting: RHB Steve Blevins | 0-0: Ball 1-0: Sac Bunt - play at first, batter OUT! 1-4 Bryce Bowen to second | Batting: RHB Mike Anderson | 0-0: Intentional Walk | Batting: RHB Alfredo Caballero | 0-0: Fly out, F8 (Flyball, 89D) Runner from 2nd tags up, SAFE at 3rd, no throw | Batting: RHB Andy Klick | 0-0: Fly out, F4 (Line Drive, 4) | Top of the 8th over - 0 runs, 1 hit, 0 errors, 2 left on base; Georgia Tech 10 - Wake Forest 6 | BOTTOM OF THE 8TH |
---|
Wake Forest Demon Deacons batting - Pitching for Georgia Tech Yellow Jackets : RHP Jim Lester | Batting: SHB Dustin Overstreet | 0-0: Called Strike 0-1: Swinging Strike 0-2: Strikes out swinging | Batting: LHB Mark Schumann | 0-0: Foul Ball, location: 2F 0-1: SINGLE (Line Drive, 4MD) | Batting: RHB Mike Stewart | 0-0: Ball 1-0: Grounds into double play, 6-4-3 (Groundball, 6M) | Bottom of the 8th over - 0 runs, 1 hit, 0 errors, 0 left on base; Georgia Tech 10 - Wake Forest 6 | TOP OF THE 9TH |
---|
Georgia Tech Yellow Jackets batting - Pitching for Wake Forest Demon Deacons : RHP Mike Peer | Batting: LHB Andres Rodriguez | 0-0: Called Strike 0-1: Ball 1-1: Fly out, F8 (Flyball, 8LS) | Batting: RHB Rich Busby | 0-0: Ball 1-0: Swinging Strike 1-1: Ground out 4-3 (Groundball, 4S) | Batting: RHB Joe Deckard | 0-0: Ball 1-0: Fly out, F7 (Flyball, 7) | Top of the 9th over - 0 runs, 0 hits, 0 errors, 0 left on base; Georgia Tech 10 - Wake Forest 6 | BOTTOM OF THE 9TH |
---|
Wake Forest Demon Deacons batting - Pitching for Georgia Tech Yellow Jackets : RHP Jim Lester | Pitching: RHP Ryan Torres | | Batting: LHB Danny Chagoya | 0-0: DOUBLE (Line Drive, 9LM) | Batting: RHB Leo Reynaga | 0-0: Ball Wild Pitch! Danny Chagoya to third 1-0: Ball 2-0: Called Strike 2-1: Ground out 5-3 (Groundball, 5) | Batting: RHB Jesse Stone | 0-0: Foul Ball, location: 2F 0-1: Fly out, F5 (Line Drive, 56S) | Batting: RHB Caleb Doubleday | 0-0: Ball 1-0: Called Strike 1-1: Ball 2-1: Ball 3-1: Foul Ball, location: 2F 3-2: Foul Ball, location: 2F 3-2: SINGLE (Flyball, 8LS) Danny Chagoya scores | Batting: RHB Chris Walker | 0-0: Ball 1-0: Called Strike 1-1: Ball 2-1: SINGLE (Groundball, 6) (infield hit) Caleb Doubleday to second | Pinch Hitting: LHB Joaquin Jimenez | 0-0: Called Strike 0-1: Ball 1-1: SINGLE (Line Drive, 4) Caleb Doubleday to third Chris Walker to second | Pitching: RHP Dave Messner | | Batting: SHB Dustin Overstreet | 0-0: Ball 1-0: Ball 2-0: SINGLE (Flyball, 8RS) Caleb Doubleday scores Chris Walker to third Joaquin Jimenez to second | Batting: LHB Mark Schumann | 0-0: Ball 1-0: Ball 2-0: Called Strike 2-1: Ball 3-1: Base on Balls Chris Walker scores Joaquin Jimenez to third Dustin Overstreet to second | Pinch Hitting: RHB Chris Heron | 0-0: Called Strike 0-1: Ball 1-1: Foul Ball, location: 2F 1-2: Ball 2-2: GRAND SLAM HOME RUN (Flyball, 78XD), Distance : 414 ft | Tuesday, October 31st, 2017 - OOTP Baseball 18.8 Build 76 |
|